Map: Central Protocol

Players

Flix - Winner!

  • Race: Protoss Protoss
  • League: Silver

juhyg

  • Race: Zerg Zerg
  • League: Bronze

VOD

Have the link to the VOD?

Description

Time

  • Played on: Feb. 5, 2016, 7:18 p.m.
  • Length: 14:01
Show
View Real Time Build Order
Export as new Build Order

Flix Protoss - Winner!

Build Orders: 1 Gate Expand 

Get SALT Encoding   

  12  0:01  Probe (Chrono Boost)  
  13  0:11  Probe (Chrono Boost)  
  14  0:21  Pylon  
  14  0:25  Probe (Chrono Boost)  
  15  0:39  Probe (Chrono Boost)  
  16  0:44  Gateway  
  17  0:50  Probe (Chrono Boost)  
  17  0:53  Assimilator  
  17  1:00  Probe (Chrono Boost)  
  18  1:11  Probe (Chrono Boost)  
  19  1:33  Cybernetics Core  
  19  1:40  Nexus  
  19  1:41  Pylon  
  19  1:45  Assimilator  
  19  1:49  Probe (Chrono Boost)  
  20  1:59  Probe (Chrono Boost)  
  21  2:10  Probe (Chrono Boost)  
  21  2:11  Warp Gate (Chrono Boost)  
  22  2:19  Pylon  
  22  2:22  Probe  
  23  2:34  Mothership Core  
  25  2:50  Probe  
  25  2:55  Probe  
  27  3:00  Probe  
  28  3:07  Probe  
  28  3:11  Probe  
  29  3:16  Gateway  
  29  3:17  Gateway  
  29  3:19  Probe, Gateway  
  31  3:21  Forge, Probe  
  32  3:31  Probe  
  32  3:32  Assimilator, Probe  
  34  3:36  Assimilator  
  34  3:43  Probe x2  
  34  3:44  Pylon  
  36  3:52  Protoss Ground Weapons Level 1 (Chrono Boost)  
  36  3:53  Probe  
  37  3:56  Probe  
  37  3:59  Protoss Air Weapons Level 1 (Chrono Boost)  
  38  4:04  Probe  
  38  4:08  Probe  
  40  4:13  Stargate  
  40  4:15  Stargate  
  40  4:20  Pylon  
  40  4:24  Probe x2  
  41  4:26  Pylon  
  41  4:30  Pylon  
  42  4:34  Probe  
  42  4:36  Probe  
  44  4:48  Probe  
  45  4:58  Robotics Facility, Void Ray, Pylon  
  49  5:02  Pylon  
  49  5:04  Void Ray  
  53  5:20  Probe  
  54  5:25  Stalker x3, Protoss Ground Armor Level 1  
  60  5:38  Photon Cannon  
  60  5:40  Photon Cannon  
  61  5:50  Observer, Void Ray  
  61  5:51  Protoss Air Armor Level 1 (Chrono Boost)  
  65  6:01  Void Ray  
  69  6:33  Void Ray, Fleet Beacon  
  73  6:44  Void Ray  
  77  7:01  Nexus  
  77  7:02  Pylon  
  77  7:04  Pylon  
  77  7:07  Assimilator  
  81  7:08  Immortal  
  81  7:11  Assimilator  
  81  7:12  Stalker x2  
  85  7:18  Pylon  
  85  7:30  Void Ray  
  85  7:36  Void Ray  
  93  7:48  Observer  
  93  8:13  Void Ray  
  93  8:15  Immortal  
  93  8:17  Probe  
  102  8:21  Probe x2  
  104  8:28  Probe  
  104  8:33  Probe x2  
  107  8:38  Void Ray, Probe  
  112  8:47  Pylon  
  112  8:49  Pylon  
  112  8:50  Nexus  
  112  8:52  Pylon  
  112  8:54  Observer, Pylon, Probe  
  120  8:57  Assimilator  
  120  9:01  Assimilator  
  120  9:04  Void Ray, Pylon, Probe  
  125  9:15  Probe x3  
  128  9:25  Probe  
  128  9:27  Probe  
  130  9:36  Probe  
  131  9:40  Pylon  
  131  9:42  Void Ray  
  131  9:43  Pylon  
  135  9:46  Probe  
  135  9:47  Void Ray, Pylon  
  140  9:56  Stalker x3  
  146  10:02  Probe  
  146  10:05  Photon Cannon  
  147  10:12  Probe  
  147  10:13  Protoss Air Weapons Level 2 (Chrono Boost)  
  148  10:23  Probe  
  149  10:29  Void Ray  
  149  10:31  Void Ray  
  157  10:36  Probe  
  158  10:47  Probe  
  159  10:54  Probe  
  160  10:57  Probe  
  161  11:08  Twilight Council, Probe  
  162  11:12  Void Ray  
  162  11:13  Void Ray  
  170  11:18  Probe  
  170  11:23  Stalker  
  170  11:24  Stalker x2  
  170  11:25  Stalker  
  179  11:29  Probe  
  179  11:30  Protoss Ground Weapons Level 2  
  180  11:40  Probe  
  180  11:45  Cybernetics Core  
  180  11:46  Blink  
  181  11:50  Probe  
  182  11:55  Void Ray  
  182  11:56  Void Ray  
  182  12:01  Probe  
  191  12:11  Probe, Immortal  
  191  12:12  Stalker x2  
  200  12:56  Nexus  
  200  12:59  Pylon x2  
  200  13:00  Assimilator  
  200  13:02  Assimilator  
Show
View Real Time Build Order
Export as new Build Order

juhyg Zerg 

Build Orders: Pool First 

Get SALT Encoding   

  12  0:18  Spawning Pool  
  11  0:22  Drone  
  11  0:27  Drone  
  13  0:35  Overlord  
  13  0:46  Drone  
  14  0:53  Extractor  
  14  0:55  Drone  
  14  0:57  Drone  
  15  1:06  Queen  
  15  1:09  Zergling x2  
  18  1:20  Drone  
  19  1:28  Drone  
  20  1:51  Drone x2  
  22  1:54  Lair  
  22  2:04  Roach Warren  
  21  2:48  Hatchery  
  20  3:00  Roach  
  20  3:01  Overlord x3  
  22  3:29  Roach x2  
  22  3:30  Roach x3  
  32  3:35  Metabolic Boost  
  32  3:47  Extractor  
  31  4:08  Drone x2  
  31  4:09  Drone x4  
  37  4:23  Drone x2  
  39  4:36  Drone x3  
  42  4:47  Hydralisk Den  
  41  4:53  Drone x4  
  41  4:54  Drone  
  41  4:56  Extractor  
  45  5:33  Hydralisk x2  
  45  5:34  Hydralisk  
  51  5:41  Overlord x3  
  50  6:11  Hydralisk x6  
  50  6:12  Hydralisk x3  
  68  6:25  Drone x2  
  70  6:33  Spore Crawler  
  70  6:36  Spore Crawler  
  68  6:46  Spore Crawler  
  67  6:52  Hydralisk x2  
  67  6:53  Hydralisk x2  
  75  7:16  Overlord x2  
  75  7:39  Zergling x10  
  75  7:40  Zergling x2  
  81  7:56  Hydralisk  
  81  7:57  Hydralisk  
  85  8:06  Hatchery  
  84  8:33  Hydralisk  
  84  8:34  Hydralisk x3  
  84  8:37  Overlord x3  
  84  8:38  Overlord  
  92  8:48  Muscular Augments  
  92  9:13  Spire  
  91  9:19  Roach x4  
  91  9:20  Roach x5  
  109  9:42  Hydralisk x2  
  109  9:43  Hydralisk x4  
  121  9:47  Hydralisk x3  
  121  9:50  Zergling x2  
  128  9:54  Zergling x2  
  128  9:57  Zergling x2  
  130  10:01  Overlord  
  129  10:39  Overseer  
  129  10:40  Overseer  
  129  10:42  Overseer  
  129  10:47  Corruptor  
  129  10:48  Corruptor x3  
  137  11:06  Zerg Flyer Weapons Level 1  
  137  11:18  Overlord  
  137  11:19  Overlord x2  
  137  12:09  Corruptor  
  137  12:10  Corruptor x2  
  137  12:11  Hydralisk x2  
  137  12:12  Hydralisk x5  
  157  12:24  Overseer x2  
  157  12:43  Mutalisk x2  
  161  12:45  Overlord x2  
  161  12:47  Overlord  
  161  12:57  Zergling x2  
  162  13:03  Zergling x6  
  162  13:04  Zergling x4  
  167  13:14  Zergling x6  
  167  13:15  Zergling x2  
Tags
 
Add a new tag
Caveats
  • Supply blocks, unpowered buildings, or Contaminate may cause inaccurate times.
  • Supply counts are checked every 10 seconds.